 Dungeon Crawl Stone Soup version 0.18-a0-1145-g178b0c7 (webtiles) character file.

49 gorblad the Conjurer (level 4, 0/30 HPs)
             Began as a Human Conjurer on Jan 22, 2016.
             Slain by a worm (1 damage)
             ... on level 2 of the Dungeon.
             The game lasted 00:05:25 (1606 turns).

gorblad the Conjurer (Human Conjurer)               Turns: 1606, Time: 00:05:26

Health: 0/30       AC:  2    Str:  8    XL:     4   Next: 2%
Magic:  0/7        EV: 12    Int: 17    God:
Gold:   52         SH:  0    Dex: 13    Spells: 1 memorised, 6 levels left

rFire  . . .     SeeInvis .     e - +0 dagger
rCold  . . .     Gourm    .     a - +0 robe
rNeg   . . .     Faith    .     (no shield)
rPois  .         Spirit   .     (no helmet)
rElec  .         Dismiss  .     (no cloak)
rCorr  .         Reflect  .     (no gloves)
SustAt .         Harm     .     (no boots)
MR     +....                    (no amulet)
Stlth  ++........               (no ring)
                                h - ring of protection from magic

@: somewhat resistant to hostile enchantments, unstealthy
A: no striking features
a: no special abilities


You were on level 2 of the Dungeon.
You were not hungry.

You visited 1 branch of the dungeon, and saw 2 of its levels.

You collected 52 gold pieces.

Inventory:

Hand Weapons
 e - a +0 dagger (weapon)
Armour
 a - a +0 robe (worn)
Jewellery
 h - a ring of protection from magic (left hand)
Scrolls
 d - a scroll of random uselessness {unknown}
 g - a scroll of teleportation
 l - 2 scrolls of identify
Books
 b - a book of Conjurations

   Spells                             Type                      Level
   a - Magic Dart                     Conjuration                  1
   b - Searing Ray                    Conjuration                  2
   c - Dazzling Spray                 Conjuration/Hexes            3
   d - Fulminant Prism                Conjuration/Hexes            4
   e - Iskenderun's Mystic Blast      Conjuration                  4
   f - Iskenderun's Battlesphere      Conjuration/Charms           5
Comestibles
 c - 2 bread rations
 f - 9 chunks of flesh
 k - 2 meat rations


   Skills:
 + Level 0.2 Short Blades
 + Level 2.1 Dodging
 + Level 2.0 Stealth
 + Level 2.2 Spellcasting
 + Level 5.0 Conjurations


You had 6 spell levels left.
You knew the following spells:

 Your Spells              Type           Power        Failure   Level  Hunger
a - Magic Dart            Conj           ###.         2%          1    #......


Dungeon Overview and Level Annotations

Branches:
Dungeon (2/15)

Altars:


Message History

You hit the worm.
The worm is heavily wounded.
The worm bites you!
* * * LOW HITPOINT WARNING * * *
You are too injured to fight recklessly!
Casting: Magic Dart
Confirm with . or Enter, or press ? or * to list all spells.
Aiming: Magic Dart
Press: ? - help, Shift-Dir - straight line, f/p - worm
Aim: a worm (heavily wounded)
The magic dart hits the worm.
The worm is severely wounded.
You hit the worm.
The worm is severely wounded.
The worm bites you.
* * * LOW HITPOINT WARNING * * *
You hit the worm.
The worm is severely wounded.
The worm bites you.
You die...

##...≈≈≈≈#......#≈≈≈P. ##
P....≈≈≈≈........≈≈≈..
#..#.≈≈≈≈#....).#≈≈≈≈.
P.#..≈≈.###....###=≈≈.
.....≈≈≈≈#......#≈≈≈≈ ###
##...≈≈≈≈...%....≈≈≈P #..
.##.≈≈≈≈#......#≈≈P. #..
#(.≈≈.###.w..###≈.. #.. .##≈≈.
#..@...# ... #.. ## #......#
## #.. ###.#### #..
#.##############..
#...........##...#
####........##.#.# .
#........##.#.. ..########
#..............
.........#######........###...


You could see a worm.

Vanquished Creatures
  A worm (D:2)
  A giant gecko (D:1)
  3 ball pythons
  3 giant cockroaches
  9 goblins
  3 hobgoblins (D:1)
  5 jackals
  3 kobolds
  5 bats (D:1)
  2 giant newts (D:2)
  6 rats
41 creatures vanquished.

Notes
Turn   | Place    | Note
--------------------------------------------------------------
     0 | D:1      | gorblad the Human Conjurer began the quest for the Orb.
     0 | D:1      | Reached XP level 1. HP: 13/13 MP: 3/3
   269 | D:1      | Reached XP level 2. HP: 19/19 MP: 3/5
   634 | D:1      | Reached XP level 3. HP: 6/24 MP: 4/6
  1463 | D:2      | Reached skill level 5 in Conjurations
  1529 | D:2      | Reached XP level 4. HP: 30/30 MP: 2/7
  1605 | D:2      | HP: 1/30 [worm (3)]
  1606 | D:2      | Slain by a worm

Vault maps used:
D:1:      dpeg_arrival_triangle_fractal, roderic_filled_cross, st_stairs_8
D:2:      wad_lake_hut, marbit_many_paths, kennysheep_nondescript,
          kennysheep_generic_room_16

Action                   |  1- 3 |  4- 6 || total
-------------------------+-------+-------++-------
Melee: Unarmed           |     3 |       ||     3
       Dagger            |    45 |    15 ||    60
 Cast: Magic Dart        |    55 |    11 ||    66
  Use: Scroll            |     4 |       ||     4
       Potion            |       |     2 ||     2
 Stab: Sleeping          |     2 |       ||     2
  Eat: Chunk             |     3 |       ||     3
